AoeStats
← [PSCH] wolverito

Arabia

510137587Analyzed
3v3 RM · 3d ago on Sep 29, 2026· 29m 6s· 6 players
Game mode
Random Map
Map size
Normal (6 player)
Population
200
Speed
Normal
Resources
Standard
Victory
Conquest
Starting age
Dark Age
Ending age
Imperial Age
RankedLock teamsTeams togetherTeam positionsShared explorationLock speedFull tech treeHidden civsTurbo modeCheats
Victory
Defeat
🇨🇭 Khitans · Switzerland
1435
+14
🇨🇭 Persians · Switzerland
1400
+15
🇨🇭 Ethiopians · Switzerland
1391
+16
🇩🇪 Persians · Germany
1468
-18
🇩🇪 Magyars · Germany
1362
-14
🇩🇪 Ethiopians · Germany
1329
-13
kuschelbunny
8:57 Feudal Age
8:37 Loom
13:54 Fletching
23:26 Castle Age
21:55 Double-Bit Axe
22:29 Padded Archer Armor
22:52 Gold Mining
23:30 Crossbowman
25:17 Bodkin Arrow
27:52 Thumb Ring
28:44 Ballistics
Wurst2
6:28 Loom
9:10 Feudal Age
11:29 Double-Bit Axe
11:47 Horse Collar
21:36 Castle Age
20:09 Scale Barding Armor
21:12 Bloodlines
26:57 Husbandry
EvilBookie
8:14 Feudal Age
7:07 Loom
10:01 Double-Bit Axe
15:14 Scale Barding Armor
17:42 Horse Collar
28:00 Castle Age
26:51 Bloodlines
27:50 Light Cavalry
28:53 Chain Barding Armor
[PSCH] wolverito
6:06 Loom
6:26 Loom
9:37 Feudal Age
9:59 Double-Bit Axe
16:42 Scale Barding Armor
18:30 Forging
20:16 Bloodlines
25:21 Castle Age
24:48 Gold Mining
24:42 Horse Collar
27:51 Husbandry
29:05 Bow Saw
30:08 Wheelbarrow
ChnebelSchnägg
6:22 Loom
9:30 Feudal Age
10:20 Double-Bit Axe
10:46 Gold Mining
15:13 Fletching
17:05 Town Watch
19:02 Wheelbarrow
24:06 Castle Age
24:22 Crossbowman
25:13 Thumb Ring
28:20 Bodkin Arrow
[PSCH] Reh
4:22 Loom
8:59 Feudal Age
9:39 Double-Bit Axe
10:26 Domestication
14:47 Scale Barding Armor
16:27 Forging
23:35 Castle Age
23:09 Gold Mining
23:41 Light Cavalry
24:42 Chain Barding Armor
Connection lost

Rejoining the realm…

Still unreachable

The connection could not be restored.

Session expired

The server has moved on; the page needs a fresh start.